 Dungeon Crawl Stone Soup version 0.25.1-2-g60ff931df9 (webtiles) character file.

Game seed: 9139202888965819961

128411 gruber the Eclecticist (level 16, -2/128 HPs)
             Began as a Purple Draconian Ice Elementalist on Nov 10, 2020.
             Was the Champion of Vehumet.
             Succumbed to a ghost moth's poison
             ... on level 4 of the Spider Nest.
             The game lasted 01:13:47 (45392 turns).

gruber the Eclecticist (DrIE)                      Turns: 45392, Time: 01:13:47

Health: -2/128     AC: 12    Str: 14 (15) XL:     16   Next: 48%
Magic:  1/47       EV: 16    Int: 28      God:    Vehumet [******]
Gold:   1508       SH:  6    Dex: 20      Spells: 8/52 levels left

rFire    . . .     SeeInvis .   v - +6 rapier of the Shore {elec, Dex+5}
rCold    + . .     Gourm    .   W - +0 buckler
rNeg     . . .     Faith    .   (armour unavailable)
rPois    .         Spirit   +   (helmet restricted)
rElec    .         Reflect  .   Y - scarf {repulsion}
rCorr    .         Harm     .   S - +1 pair of gloves "Baoripix" {Int+7 Dex+3}
MR       ++...                  p - +0 pair of boots
Stlth    ++........             Q - amulet of guardian spirit
HPRegen  0.31/turn              A - ring of protection from cold
MPRegen  0.30/turn              s - ring of Hoxugip {Wiz MP+9 Str+3}

@: lethally poisoned (-2 -> -126), no potions, frozen ramparts, repel missiles
A: breathe power, unfitting armour, cold-blooded, AC +9
a: Breathe Dispelling Energy, Renounce Religion


You were on level 4 of the Spider Nest.
You worshipped Vehumet.
Vehumet was exalted by your worship.
You were hungry.

You visited 6 branches of the dungeon, and saw 31 of its levels.
You also visited: Sewer and Ice Cave.

You collected 3148 gold pieces.
You spent 1640 gold pieces at shops.

Inventory:

Hand Weapons
 r - the cursed +3 rapier of the Mushroom {pain, Int+4}
   (You found it on level 6 of the Lair of Beasts)

   In the hands of one skilled in necromantic magic, it inflicts extra damage on
   living creatures.
   It affects your intelligence (+4).
   It has a curse placed upon it.
 v - the +6 rapier of the Shore (weapon) {elec, Dex+5}
   (You bought it in a shop on level 8 of the Dungeon)

   Occasionally, upon striking a foe, it will discharge some electrical energy
   and cause terrible harm.
   It affects your dexterity (+5).
Missiles
 G - 17 curare-tipped darts (quivered)
Armour
 p - a +0 pair of boots (worn)
 S - the +1 pair of gloves "Baoripix" (worn) {Int+7 Dex+3}
   (You bought it in a shop on level 8 of the Dungeon)

   It affects your intelligence (+7).
   It affects your dexterity (+3).
 W - a +0 buckler (worn)
 Y - a scarf of repulsion (worn)
Magical Staves
 f - an uncursed staff of energy
 M - an uncursed staff of cold
Jewellery
 s - the ring of Hoxugip (right hand) {Wiz MP+9 Str+3}
   (You acquired it on level 2 of the Swamp)

   [ring of wizardry]

   It improves your spell success rate.
   It affects your strength (+3).
   It affects your magic capacity (+9).
 A - a ring of protection from cold (left hand)
 F - an uncursed ring of flight
 Q - an amulet of guardian spirit (around neck)
Wands
 z - a wand of paralysis (19)
 C - a wand of acid (2)
 L - a wand of polymorph (2)
 O - a wand of flame (18)
 U - a wand of clouds (4)
 V - a wand of enslavement (11)
 X - a wand of digging (4)
Scrolls
 a - 7 scrolls of remove curse
 d - 5 scrolls of enchant armour {unknown}
 e - 8 scrolls of immolation
 i - 6 scrolls of blinking {unknown}
 k - 6 scrolls of fear {unknown}
 l - a scroll of silence {unknown}
 n - 4 scrolls of fog {unknown}
 o - 9 scrolls of teleportation {unknown}
 u - 4 scrolls of holy word {unknown}
 w - 2 scrolls of noise {unknown}
 y - 4 scrolls of enchant weapon {unknown}
 E - a scroll of summoning {unknown}
 H - 5 scrolls of magic mapping {unknown}
 J - 8 scrolls of amnesia {unknown}
 K - 2 scrolls of torment {unknown}
Potions
 c - 7 potions of lignification
 g - a potion of ambrosia
 h - 6 potions of flight
 j - 4 potions of curing
 m - 3 potions of invisibility
 t - 4 potions of stabbing
 x - 2 potions of haste
 B - 5 potions of mutation
 D - 2 potions of cancellation
 I - 3 potions of resistance
 N - a potion of berserk rage
 P - 3 potions of brilliance
 Z - 3 potions of heal wounds
Comestibles
 b - 28 rations
 q - 8 chunks of flesh


   Skills:
 - Level 8.0 Fighting
   Level 1.2 Long Blades
 - Level 5.1 Dodging
 - Level 1.7 Stealth
 - Level 5.2 Shields
 * Level 18.9 Spellcasting
 - Level 9.4 Conjurations
 - Level 3.0 Hexes
 - Level 3.2 Summonings
 - Level 6.3 Translocations
 - Level 17.0 Ice Magic
 - Level 5.2 Evocations


You had 8 spell levels left.
You knew the following spells:

 Your Spells              Type           Power        Failure   Level  Hunger
a - Freeze                Ice            ####         0%          1    None
b - Frozen Ramparts       Ice            ######       0%          3    None
c - Hailstorm             Conj/Ice       #######.     1%          4    None
d - Summon Ice Beast      Ice/Summ       ######..     1%          4    None
e - Metabolic Englaciati  Hex/Ice        ######....   1%          5    None
f - Ozocubu's Armour      Chrm/Ice       ######..     1%          3    None
g - Sticky Flame          Conj/Fire      ######..     1%          4    None
h - Blink                 Tloc           N/A          1%          2    None
i - Ozocubu's Refrigerat  Ice            #######...   1%          6    ##.....
j - Spellforged Servitor  Conj/Summ      ######....   12%         7    ####...
k - Bolt of Magma         Conj/Fire/Erth #####.....   1%          5    None

Your spell library contained the following spells:

 Spells                   Type           Power        Failure   Level  Hunger
 Starburst                Conj/Fire      ######....   4%          6    ##.....
 Animate Skeleton         Necr           N/A          1%          1    None
 Corona                   Hex            #####..      1%          1    None
 Magic Dart               Conj           ####         1%          1    None
 Pain                     Necr           ####         1%          1    None
 Call Imp                 Summ           #####...     1%          2    None
 Slow                     Hex            #####...     1%          2    None
 Confusing Touch          Hex            #####...     1%          3    None
 Conjure Flame            Conj/Fire      ######..     1%          3    None
 Gell's Gravitas          Tloc           ######....   1%          3    None
 Inner Flame              Hex/Fire       ####....     1%          3    None
 Mephitic Cloud           Conj/Pois/Air  #####...     1%          3    None
 Portal Projectile        Hex/Tloc       ######       1%          3    None
 Recall                   Summ/Tloc      N/A          1%          3    None
 Vampiric Draining        Necr           ####......   1%          3    None
 Cause Fear               Hex            #####.....   1%          4    None
 Ice Form                 Ice/Tmut       ######..     1%          4    None
 Freezing Cloud           Conj/Ice/Air   ######....   1%          6    ##.....
 Leda's Liquefaction      Hex/Erth       ####......   3%          4    None
 Yara's Violent Unravell  Hex/Tmut       ####......   3%          5    None
 Simulacrum               Ice/Necr       ######....   3%          6    ##.....
 Animate Dead             Necr           N/A          6%          4    None
 Petrify                  Tmut/Erth      ####....     6%          4    None
 Dispersal                Tloc           ######....   8%          6    ##.....
 Agony                    Necr           ####....     17%         5    None
 Borgnjor's Vile Clutch   Necr/Erth      ####......   17%         5    None
 Death Channel            Necr           ####......   65%         6    ##.....
 Controlled Blink         Tloc           N/A          95%         8    ######.
 Disjunction              Tloc           ######....   95%         8    ######.


Dungeon Overview and Level Annotations

Branches:
Dungeon (15/15)            Temple (1/1) D:7            Lair (6/6) D:9
  Swamp (3/4) Lair:2       Spider (4/4) Lair:4        Slime (0/5) Lair:5
    Orc (2/2) D:10            Elf (0/3) Orc:2        Vaults (0/5) D:14
 Depths (0/5) D:15          Sewer (visited)           IceCv (visited)

Altars:
Ashenzari
Cheibriados
Dithmenos
Fedhas
Gozag
Kikubaaqudgha
Makhleb
Nemelex Xobeh
Okawaru
Qazlal
Ru
Sif Muna
Trog
Uskayaw
Vehumet
Wu Jian
Xom
Zin
Beogh

Shops:
D:8 :}%[(   D:9 ?   D:14 (   Orc:2 :%(!

Portals:
Hell: Lair:6
Trove: D:11 (give 5 scrolls of blinking)

Annotations:
Swamp:3 Nikola
Orc:2 1 runed translucent door, othur's ghost, journeyman GrFi


Innate Abilities, Weirdness & Mutations

You can breathe bolts of dispelling energy.
Your rich purple scales are hard. (AC +9)
You cannot fit into any form of body armour.
You are cold-blooded and may be slowed by cold attacks.


Message History

You feel you are being watched by something.
You feel your power leaking away. Something hits you.
* * * LOW HITPOINT WARNING * * *
Something hits you.
* * * LOW HITPOINT WARNING * * *
Something stings you.
* * * LOW HITPOINT WARNING * * *
Unknown command.
Unknown command.
You cannot drink potions in your current state!
* * * LOW HITPOINT WARNING * * *
You feel extremely sick.
The wall freezes something.
You feel you are being watched by something.
Unknown command.
Unknown command.
Unknown command.
Unknown command.
You die...

≈..≈. ###§§§#
##^§§§#
##≈§§§§#
#..§§§####
###.§§§≈≈.^#
##≈...###...#
#....## ##
#≈.^@#
##^..^.#
##......#
###.≈.†≈..
##[...≈ ##.##
## ####+++##
####........
#####
#....)......


There were no monsters in sight!

Vanquished Creatures
  Kirke (Spider:3)
  A fire giant (D:15)
  3 emperor scorpions
  Louise (Spider:4)
  2 entropy weavers (Spider:2)
  A stone giant (Orc:2)
  A dire elephant (Lair:6)
  A spark wasp (Spider:3)
  Josephine (Spider:1)
  3 hydras
  A centaur warrior (D:15)
  A catoblepas (Lair:2)
  2 two-headed ogres (D:14)
  A death knight (D:15)
  A tengu warrior (D:14)
  6 alligators
  3 orc high priests (Orc:2)
  A sun demon (Lair:6)
  A spriggan (Swamp:1)
  3 unseen horrors
  A skeletal warrior (D:14)
  A wizard (Lair:6)
  10 orb spiders
  5 orc knights
  A lindwurm (shapeshifter) (D:14)
  A wolf spider zombie (D:15)
  3 swamp dragons
  13 wolf spiders
  4 ugly things (D:15)
  A deep elf mage (D:12)
  3 orc sorcerers (Orc:2)
  5 slime creatures
  A manticore (D:12)
  A cyclops (D:15)
  Maurice (D:8)
  4 black mambas
  2 elephants (Lair:2)
  Psyche (D:9)
  An orange demon (Lair:6)
  8 spiny frogs
  2 rime drakes (Lair:6)
  A spiny frog (shapeshifter) (D:14)
  5 komodo dragons
  10 demonic crawlers
  3 ice devils
  2 freezing wraiths (D:14)
  2 tengu conjurers
  2 red devils (Lair:6)
  2 tyrant leeches
  8 hornets
  4 trolls
  A meliai (Lair:4)
  20 jumping spiders
  8 hippogriffs
  5 blink frogs (Lair:6)
  6 dream sheep (Lair:6)
  A bog body (Swamp:1)
  23 tarantellas
  65 redbacks
  20 yaks
  2 wyverns
  5 wraiths
  4 hogs
  2 basilisks
  18 vampire mosquitoes
  12 insubstantial wisps
  6 swamp worms
  3 wargs
  10 water moccasins
  10 porcupines
  Duvessa (D:4)
  3 hell hounds (Lair:6)
  A black bear (D:9)
  23 orc warriors
  3 swamp drakes
  2 ice beasts
  A necrophage (D:4)
  2 phantoms
  5 sky beasts
  An eye of draining (D:13)
  13 wolves
  15 ogres
  15 centaurs
  12 crocodiles
  3 big kobolds
  15 bullfrogs
  A gnoll sergeant (Orc:2)
  9 scorpions
  Dowan (D:4)
  36 killer bees
  5 wights
  2 howler monkeys (D:4)
  2 electric eels
  2 bullfrog zombies
  5 crimson imps
  3 centaur zombies
  32 orc priests
  8 hounds
  A jelly (D:7)
  20 orc wizards
  A bullfrog skeleton (D:11)
  3 centaur skeletons
  2 iguanas
  9 worker ants
  2 hound skeletons
  3 howler monkey zombies
  3 worker ant zombies
  14 gnolls
  7 adders
  A shadow imp (D:9)
  An adder zombie (D:6)
  3 oozes
  2 worms
  A dart slug (D:1)
  10 leopard geckos
  80 orcs
  5 ball pythons
  7 giant cockroaches
  4 goblins
  14 hobgoblins
  17 jackals
  A quokka (D:2)
  13 bats
  7 frilled lizards
  A giant cockroach zombie (D:5)
  27 kobolds
  2 rats (D:2)
  A butterfly (Lair:2)
  2 fungi
  A plant (Lair:2)
850 creatures vanquished.

Vanquished Creatures (collateral kills)
  A thorn hunter (Swamp:2)
  Agnes (Spider:4)
  An ironheart preserver (D:14)
  Snorg (Lair:4)
  3 hydras
  2 shambling mangroves
  A centaur warrior (D:13)
  5 two-headed ogres
  An orc high priest (Orc:2)
  A skeletal warrior (D:14)
  A swamp dragon (Swamp:2)
  3 wolf spiders
  4 elephants (Lair:2)
  2 cyclopes
  A black mamba (Lair:6)
  A centaur zombie (D:12)
  A smoke demon (Lair:6)
  A centaur skeleton (D:14)
  A torpor snail (Spider:2)
  4 spiny frogs
  2 demonic crawlers
  A rime drake (Lair:6)
  3 komodo dragons
  2 ice devils
  2 meliai (Lair:4)
  2 trolls
  A red devil (Lair:6)
  A tyrant leech (Swamp:2)
  2 jumping spiders (Spider:2)
  A queen bee (Lair:4)
  3 hippogriffs
  A blink frog (Lair:6)
  A bog body (Swamp:2)
  2 slime creatures (D:12)
  A dream sheep (Lair:6)
  A wyvern (D:12)
  6 redbacks (Spider:2)
  A tarantella (Spider:2)
  2 shadows
  A basilisk (D:11)
  A wraith (Lair:4)
  A human (D:7)
  3 hogs (D:7)
  9 yaks
  2 hungry ghosts (D:15)
  A warg (Orc:2)
  A vampire mosquito (Swamp:2)
  A swamp worm (Swamp:2)
  6 insubstantial wisps
  2 orc warriors
  2 porcupines
  3 ice beasts
  A black bear (D:10)
  A necrophage (D:11)
  An ogre (D:12)
  A centaur (D:12)
  A crocodile (Lair:5)
  2 bullfrogs
  3 killer bees
  5 wights
  3 howler monkeys (D:12)
  5 orc priests
  2 orc wizards
  2 bullfrog skeletons
  A killer bee zombie (D:10)
  An orc (D:8)
  A plant (Lair:2)
134 creatures vanquished.

Vanquished Creatures (others)
  A sky beast (D:8)
  42 fungi
  23 plants
66 creatures vanquished.

Grand Total: 1050 creatures vanquished

Notes
Turn   | Place    | Note
-------+----------+-------------------------------------------
     0 | D:1      | gruber the Draconian Ice Elementalist began the quest for
                  | the Orb.
     0 | D:1      | Reached XP level 1. HP: 14/14 MP: 3/3
   410 | D:1      | Reached XP level 2. HP: 20/20 MP: 5/5
   952 | D:2      | Reached XP level 3. HP: 26/26 MP: 6/6
  1018 | D:2      | Learned a level 3 spell: Frozen Ramparts
  1894 | D:3      | Reached skill level 5 in Ice Magic
  2037 | D:3      | Reached XP level 4. HP: 31/33 MP: 6/8
  2051 | D:3      | Reached skill level 3 in Spellcasting
  2113 | D:3      | Found a glowing drain.
  2123 | Sewer    | Entered a sewer
  2390 | Sewer    | Reached XP level 5. HP: 38/38 MP: 6/10
  2666 | D:3      | Reached skill level 4 in Spellcasting
  3250 | D:4      | Noticed an ogre
  3257 | D:4      | Killed an ogre
  3257 | D:4      | Reached XP level 6. HP: 25/45 MP: 5/12
  3570 | D:4      | Your scales start taking on a rich purple colour.
  3570 | D:4      | Reached XP level 7. HP: 26/50 MP: 1/14
  3762 | D:4      | Reached skill level 5 in Spellcasting
  4538 | D:4      | Noticed Duvessa
  4538 | D:4      | Noticed Dowan
  4544 | D:4      | Killed Dowan
  4544 | D:4      | Reached skill level 6 in Spellcasting
  4545 | D:4      | Killed Duvessa
  4798 | D:5      | Entered Level 5 of the Dungeon
  4812 | D:4      | Reached skill level 7 in Spellcasting
  4812 | D:4      | Reached XP level 8. HP: 51/55 MP: 6/18
  6038 | D:6      | Learned a level 4 spell: Hailstorm
  6043 | D:6      | Learned a level 4 spell: Summon Ice Beast
  6049 | D:6      | Learned a level 5 spell: Metabolic Englaciation
  6058 | D:6      | Reached skill level 1 in Hexes
  6100 | D:6      | Reached skill level 1 in Conjurations
  6100 | D:6      | Reached skill level 1 in Summonings
  6735 | D:7      | Reached skill level 1 in Long Blades
  6782 | D:7      | Found an iron altar of Okawaru.
  7166 | D:7      | Found a staircase to the Ecumenical Temple.
  7191 | D:7      | Reached XP level 9. HP: 48/69 MP: 14/19
  7220 | Temple   | Entered the Ecumenical Temple
  7225 | Temple   | Learned a level 3 spell: Ozocubu's Armour
  7428 | Temple   | Became a worshipper of Vehumet
  8100 | D:7      | Reached skill level 10 in Ice Magic
  8429 | D:8      | Found Amomaebe's Armour Boutique.
  8441 | D:8      | Found Ywoopn's Food Emporium.
  8451 | D:8      | Killed an unseen horror
  8857 | D:8      | Reached XP level 10. HP: 76/76 MP: 9/20
  8864 | D:8      | Reached * piety under Vehumet
  8864 | D:8      | Offered knowledge of Foxfire by Vehumet.
  8883 | D:8      | Noticed Maurice
  8902 | D:8      | Killed Maurice
  9182 | D:8      | Found Wiris's Book Shop.
  9414 | D:8      | Found Cuhiex's Antique Weapon Shop.
  9508 | D:8      | Found Betusume's Gadget Boutique.
  9705 | D:9      | Found a staircase to the Lair.
  9737 | D:9      | Noticed Psyche
  9750 | D:9      | Killed Psyche
  9947 | D:9      | Found an ornate altar of the Wu Jian Council.
 10055 | D:9      | Found Yzia's Magic Scroll Emporium.
 10455 | D:9      | Reached ** piety under Vehumet
 10455 | D:9      | Offered knowledge of Searing Ray by Vehumet.
 10703 | D:10     | Entered Level 10 of the Dungeon
 10893 | D:10     | Noticed a two-headed ogre
 10901 | D:10     | Killed a two-headed ogre
 10987 | D:10     | Noticed a two-headed ogre
 10995 | D:10     | Killed a two-headed ogre
 11537 | D:10     | Reached XP level 11. HP: 82/82 MP: 21/21
 12008 | D:10     | Offered knowledge of Dazzling Flash by Vehumet.
 12079 | D:10     | Found a staircase to the Orcish Mines.
 12091 | D:10     | Found a roughly hewn altar of Beogh.
 12099 | D:10     | Reached *** piety under Vehumet
 12489 | D:10     | Killed an unseen horror
 12842 | D:11     | Found a frozen archway.
 13176 | IceCv    | Entered an ice cave
 14122 | D:11     | Offered knowledge of Sticky Flame by Vehumet.
 14129 | D:11     | Learned a level 4 spell: Sticky Flame
 14659 | D:11     | Reached skill level 15 in Ice Magic
 15172 | D:11     | Killed an unseen horror
 15172 | D:11     | Reached skill level 8 in Spellcasting
 15547 | D:11     | Found a portal to a secret trove of treasure.
 15723 | D:11     | Learned a level 2 spell: Blink
 15756 | D:12     | Noticed a two-headed ogre
 15762 | D:12     | Killed a two-headed ogre
 15762 | D:12     | Reached skill level 9 in Spellcasting
 15870 | D:12     | Reached **** piety under Vehumet
 15956 | D:12     | Reached skill level 1 in Translocations
 16262 | D:12     | Noticed a deep elf mage
 16269 | D:12     | Killed a deep elf mage
 16269 | D:12     | Offered knowledge of Fulminant Prism by Vehumet.
 16466 | D:12     | Noticed a two-headed ogre
 16473 | D:12     | Killed a two-headed ogre
 16473 | D:12     | Reached skill level 5 in Translocations
 17186 | Lair:1   | Entered Level 1 of the Lair of Beasts
 17234 | Lair:1   | Reached XP level 12. HP: 50/89 MP: 10/25
 17515 | Lair:1   | Reached skill level 5 in Fighting
 19182 | Lair:2   | Found a staircase to the Swamp.
 19280 | Lair:2   | Noticed a catoblepas
 19287 | Lair:2   | Killed a catoblepas
 19457 | Lair:2   | Reached skill level 5 in Dodging
 19988 | Lair:3   | Reached skill level 1 in Evocations
 20335 | Lair:3   | Noticed a five-headed hydra
 20341 | Lair:3   | Killed a five-headed hydra
 20599 | Lair:3   | Reached skill level 5 in Evocations
 21478 | Lair:4   | Noticed Snorg
 21485 | Lair:4   | Killed Snorg
 21586 | Lair:4   | Reached skill level 10 in Spellcasting
 21607 | Lair:4   | Reached ***** piety under Vehumet
 21861 | Lair:4   | Offered knowledge of Irradiate by Vehumet.
 21861 | Lair:4   | Reached XP level 13. HP: 104/105 MP: 17/27
 22082 | Lair:4   | Found a hole to the Spider Nest.
 22198 | D:8      | Bought the +1 pair of gloves "Baoripix" {Int+7 Dex+3} for
                  | 487 gold pieces
 22225 | D:8      | Bought a dazzling rapier for 243 gold pieces
 22225 | D:8      | Identified the +6 rapier of the Shore {elec, Dex+5} (You
                  | bought it in a shop on level 8 of the Dungeon)
 23084 | Lair:5   | Reached skill level 11 in Spellcasting
 23307 | Lair:5   | Found a staircase to the Slime Pits.
 23714 | Lair:6   | Entered Level 6 of the Lair of Beasts
 24365 | Lair:6   | Reached skill level 5 in Conjurations
 25614 | Lair:6   | Noticed a dire elephant
 25622 | Lair:6   | Killed a dire elephant
 25766 | Lair:6   | Found a burning altar of Makhleb.
 25817 | Lair:6   | HP: 5/107 [sun demon (14)]
 26149 | Lair:6   | Found a gateway to Hell.
 26238 | Lair:6   | Got an ichor-stained rapier
 26239 | Lair:6   | Identified the cursed +3 rapier of the Mushroom {pain,
                  | Int+4} (You found it on level 6 of the Lair of Beasts)
 26841 | D:13     | Reached skill level 1 in Shields
 27046 | D:13     | Offered knowledge of Conjure Ball Lightning by Vehumet.
 28025 | D:14     | Reached skill level 5 in Shields
 28025 | D:14     | Reached XP level 14. HP: 105/115 MP: 29/29
 28073 | D:14     | Found a gate to the Vaults.
 28073 | D:14     | Noticed an ironheart preserver
 29004 | D:14     | Killed an ironheart preserver
 29122 | D:14     | Found Huupe's Antique Weapon Shop.
 29463 | Spider:1 | Entered Level 1 of the Spider Nest
 29463 | Spider:1 | Noticed Josephine
 29600 | Orc:1    | Entered Level 1 of the Orcish Mines
 29604 | Orc:1    | You fall into a shaft and drop 1 floor!
 29604 | Orc:2    | Entered Level 2 of the Orcish Mines
 29639 | Orc:2    | Reached skill level 12 in Spellcasting
 30110 | Orc:2    | Offered knowledge of Freezing Cloud by Vehumet.
 30219 | Orc:2    | Found Qeczeo's Book Emporium.
 30219 | Orc:2    | Found Mucw's Food Emporium.
 30220 | Orc:2    | Found Popniul's Distillery.
 30317 | Orc:2    | Found Moxtonit's Antique Weapon Shoppe.
 30420 | Orc:2    | Found a runed translucent door.
 30536 | Orc:2    | Found a staircase to the Elven Halls.
 30587 | Orc:2    | Noticed a stone giant
 30602 | Orc:2    | Killed a stone giant
 31561 | Orc:2    | Found a roughly hewn altar of Beogh.
 31858 | Orc:2    | Noticed othur's ghost (journeyman GrFi)
 33198 | Orc:2    | Bought a book of Ice for 910 gold pieces
 33205 | Orc:2    | Learned a level 6 spell: Ozocubu's Refrigeration
 33393 | Spider:1 | Killed Josephine
 33485 | Swamp:1  | Entered Level 1 of the Swamp
 35497 | Swamp:2  | Noticed a thorn hunter
 35503 | Swamp:2  | Killed a thorn hunter
 35503 | Swamp:2  | Reached skill level 13 in Spellcasting
 35503 | Swamp:2  | Reached XP level 15. HP: 104/121 MP: 13/32
 35724 | Swamp:2  | Offered knowledge of Spellforged Servitor by Vehumet.
 35870 | Swamp:2  | Identified a scroll of acquirement
 35871 | Swamp:2  | Acquired the ring of Hoxugip {Wiz MP+9 Str+3}
 37024 | Swamp:3  | Noticed Nikola
 37032 | Swamp:3  | Reached skill level 14 in Spellcasting
 37326 | D:15     | Entered Level 15 of the Dungeon
 37553 | D:14     | Reached ****** piety under Vehumet
 37574 | D:14     | Learned a level 7 spell: Spellforged Servitor
 37807 | D:15     | Noticed a fire giant
 37810 | D:15     | Killed a fire giant
 38347 | D:15     | Offered knowledge of Lightning Bolt by Vehumet.
 38615 | D:15     | Found a staircase to the Depths.
 38652 | D:15     | Reached skill level 15 in Spellcasting
 40972 | Spider:1 | Reached skill level 16 in Spellcasting
 42305 | Spider:2 | Offered knowledge of Bolt of Magma by Vehumet.
 42316 | Spider:2 | Learned a level 5 spell: Bolt of Magma
 42870 | Spider:2 | Reached skill level 17 in Spellcasting
 43298 | Spider:2 | Reached XP level 16. HP: 128/128 MP: 37/37
 44603 | Spider:3 | Noticed Kirke
 44604 | Spider:3 | Reached skill level 18 in Spellcasting
 44608 | Spider:3 | Killed Kirke
 44764 | Spider:3 | Offered knowledge of Starburst by Vehumet.
 44948 | Spider:4 | Entered Level 4 of the Spider Nest
 45003 | Spider:4 | Noticed Agnes
 45008 | Spider:4 | Killed Agnes
 45184 | Spider:4 | Noticed Louise
 45189 | Spider:4 | Killed Louise
 45392 | Spider:4 | Succumbed to a ghost moth's poison

Illustrated notes

Levels and vault maps discovered:
D:1:      giann_wishing_wells, layout_basic
D:2:      layout_basic, first_ration
D:3:      layout_rooms, cheibrodos_sewer_entry_sluice
D:4:      layout_loops_corners, minmay_increasing_density, uniq_duvessa
D:5:      layout_basic
D:6:      layout_loops_ring, kennysheep_generic_room_5
D:7:      layout_loops_ring, minmay_temple_entry_steel_oval, grunt_livestock,
          okawaru_ov_weapons_minmay
D:8:      layout_cave_pools, serial_shops, nicolae_shop_trees, shop,
          shop_fountains, shop, nicolae_shop_trees, uniq_maurice
D:9:      layout_loops_ring, old_standard_altar, due_lair_maze_entry_diamond,
          serial_shops, kennysheep_mini_moat, uniq_psyche
D:10:     layout_gridville, minmay_orc_entry_temple_large
D:11:     layout_gridville, nicolae_trove_entry_diagonal,
          portal_ice_cave_demonic_guard
D:12:     layout_roguey, feat_on_display
D:13:     layout_basic, minmay_misc_feat_roman
D:14:     layout_long_grid, skrybe_vaults_entry_preservation,
          hangedman_decor_clover_reticule, serial_shops, kennysheep_mini
D:15:     grunt_enter_depths_giant_problem, layout_gridville,
          hangedman_decor_slide_cut, minivault_25_ag, roderic_roman_lattice
Temple:   roderic_octagonal_lattice_temple
Lair:1:   layout_gridlike
Lair:2:   layout_regular_city, swamp_mist, serial_bayou_lagoon_a,
          chequers_serial_rivers_micro_e, grunt_megastairs_3,
          lemuel_fruit_fields, infiniplex_staircase_pool
Lair:3:   layout_cave_pods, small_statue_intersection
Lair:4:   layout_small_grid, dummy_spider_entry, special_room
          [special_room_bee], uniq_snorg
Lair:5:   layout_misc_corridors, dpeg_slime_entry_corner,
          infiniplex_staircase_pool_2
Lair:6:   evil_forest, layout_gridlike, grunt_megastairs_5
Swamp:1:  layout_basic_swamp, serial_swamp_ruin, evilmike_swamp_ruin_house_4,
          evilmike_swamp_ruin_rubble_1, evilmike_swamp_ruin_house_2
Swamp:2:  layout_basic_swamp, nicolae_swamp_very_dense_foliage
Swamp:3:  layout_basic_swamp, evilmike_swamp_ruin_wall, uniq_nikola
Spider:1: layout_spider_delve, uniq_josephine
Spider:2: layout_chambers, nicolae_crawler_farm
Spider:3: layout_spider_delve, uniq_kirke
Spider:4: spider_rune_water, uniq_agnes, uniq_louise
Orc:1:    cheibrodos_orc_arena, layout_diamond_mine, uniq_sonja
Orc:2:    st_orc_mages, layout_diamond_mine, ebering_ghost_reflecting_pool,
          minmay_orc_temple_a

Skill      XL: |  1  2  3  4  5  6  7  8  9 10 11 12 13 14 15 16 |
---------------+-------------------------------------------------+-----
Ice Magic      | 5 6 7 8 11 14 15 17 | 17.0
Spellcasting   | 3 4 7 9 10 11 13 17 18 | 18.9
Fighting       | 4 8 |  8.0
Dodging        | 3 5 |  5.1
Hexes          | 3 |  3.0
Conjurations   | 2 9 |  9.4
Summonings     | 2 3 |  3.2
Long Blades    | 1 |  1.2
Translocations | 6 |  6.3
Evocations     | 5 |  5.2
Shields        | 5 |  5.2
Stealth        | |  1.7

Action                   |  1- 3 |  4- 6 |  7- 9 | 10-12 | 13-15 | 16-18 || total
-------------------------+-------+-------+-------+-------+-------+-------++-------
Melee: Unarmed           |    26 |       |       |       |       |       ||    26
       Tailslap          |     9 |     7 |    14 |    29 |    77 |     5 ||   141
       Short sword       |    37 |       |    16 |       |       |       ||    53
       Staff             |    31 |    40 |    62 |    70 |       |       ||   203
       Spear             |       |       |    77 |   119 |       |       ||   196
       Long sword        |       |       |     3 |       |       |       ||     3
       War axe           |       |       |       |    82 |       |       ||    82
       Hand axe          |       |       |       |    28 |       |       ||    28
       Rapier            |       |       |       |       |   454 |    19 ||   473
 Cast: Freeze            |    33 |     9 |    15 |    24 |    65 |     1 ||   147
       Frozen Ramparts   |       |    25 |    52 |    86 |   139 |     6 ||   308
       Hailstorm         |       |       |     8 |    56 |   141 |     9 ||   214
       Summon Ice Beast  |       |       |     7 |    98 |   178 |    11 ||   294
       Ozocubu's Armour  |       |       |       |     1 |     2 |       ||     3
       Ozocubu's Refrige |       |       |       |       |   111 |    60 ||   171
       Metabolic Englaci |       |       |       |       |     3 |       ||     3
       Blink             |       |       |       |       |     2 |       ||     2
       Sticky Flame      |       |       |       |       |     5 |     3 ||     8
       Spellforged Servi |       |       |       |       |     1 |     1 ||     2
 Abil: Breathe Dispellin |       |       |       |     5 |     1 |       ||     6
Evoke: Staff of energy   |       |     3 |       |       |       |       ||     3
       Wand              |       |       |     1 |     5 |     2 |     2 ||    10
  Use: Scroll            |       |       |       |    14 |     8 |     2 ||    24
       Potion            |       |       |       |     1 |     4 |       ||     5
 Stab: Sleeping          |     2 |       |     1 |     2 |     2 |       ||     7
       Distracted        |       |       |       |       |     8 |       ||     8
  Eat: Chunk             |     3 |     5 |    18 |    41 |    54 |     6 ||   127
       Ration            |       |       |       |     5 |     9 |     1 ||    15
Armor: Skin              |    57 |    40 |    59 |   131 |   171 |    25 ||   483
Dodge: Dodged            |    96 |   102 |   119 |   246 |   455 |    35 ||  1053
       Repelled          |       |       |       |       |    24 |       ||    24
Block: Buckler           |       |       |       |       |   152 |    10 ||   162
       Rpst.: Long sword |       |       |     1 |       |       |       ||     1
